 Dungeon Crawl Stone Soup version 0.30-a0-1094-g860fb061e7 (webtiles) character file.

Game seed: 327290317898038624

156 LobsterGuardian the Covert (level 5, -4/34 HPs)
             Began as an Octopode Brigand on Apr 18, 2023.
             Splashed by a jelly's acid (8 damage)
             ... on level 4 of the Dungeon.
             The game lasted 00:04:43 (2385 turns).

LobsterGuardian the Covert (Octopode Brigand)       Turns: 2385, Time: 00:04:43

Health: -4/34      AC:  1    Str: 11    XL:     5   Next: 37%
Magic:  5/5        EV: 13    Int: 13    God:
Gold:   86         SH:  0    Dex: 15    Spells: 4/4 levels left

rFire   . . .      SeeInvis .    a - +2 dagger
rCold   . . .      Faith    .    (no shield)
rNeg    . . .      Spirit   .    (helmet restricted)
rPois   .          Reflect  .    (no amulet)
rElec   .          Rampage  .    (no ring)
rCorr   .                        (no ring)
Will    .....                    (no ring)
Stlth   +++++                    (no ring)
HPRegen 0.25/turn                (no ring)
MPRegen 0.09/turn                (no ring)
                                 (no ring)
                                 (no ring)

@: invisible
A: almost no armour, amphibious, 8 rings, camouflage 1, gelatinous body 1,
(nimble swimmer 1), tentacles
a: no special abilities


You were on level 4 of the Dungeon.
You visited 1 branch of the dungeon, and saw 4 of its levels.

You collected 86 gold pieces.

Inventory:

Hand Weapons
 a - a +2 dagger (weapon)
Missiles
 b - 8 poisoned darts (quivered)
 c - 3 curare-tipped darts
Scrolls
 g - 2 scrolls of noise
 i - a scroll of teleportation
 k - 2 scrolls of enchant weapon {unknown}
 r - a scroll of poison {unknown}
 s - a scroll of immolation {unknown}
 t - a scroll of blinking {unknown}
 u - a scroll of butterflies {unknown}
 v - a scroll of amnesia
Potions
 d - 2 potions of flight
 f - a potion of berserk rage {unknown}
 h - 2 potions of attraction
 j - 3 potions of brilliance {unknown}
 l - a potion of mutation {unknown}
 m - a potion of ambrosia {unknown}
 o - a potion of heal wounds {unknown}
 p - a potion of degeneration {unknown}
 q - a potion of cancellation


   Skills:
 + Level 2.2 Fighting
 + Level 2.5 Short Blades
 + Level 2.2 Throwing
 + Level 1.2 Dodging
 * Level 8.3 Stealth


You had 4 spell levels left.
You didn't know any spells.
Your spell library was empty.

Dungeon Overview and Level Annotations

Branches:
Dungeon (4/15)
 Temple: D:4-7

Altars:

Shops:
D:2 !   D:3 ?


Innate Abilities, Weirdness & Mutations

You cannot wear most types of armour.
You are amphibious.
You can wear up to eight rings at the same time.
Your skin changes colour to match your surroundings (Stealth+).
Your rubbery body absorbs attacks. (AC +1, EV +1)
((You are camouflaged when in or above water. (Stealth+)))
You have tentacles for arms and can constrict up to eight enemies at once.


Message History

Done exploring.
As you read the scroll of identify, it crumbles to dust.
q - a potion of cancellation Done exploring.
(D) Dungeon
Where to? (Enter - D:3, ? - help)
There is an open translucent door here.
You see here a +0 hammer.
There is a stone staircase leading down here.
You climb downwards.
The black bear growls angrily.
The orc shouts!
The black bear growls angrily.
Found 7 stones, 7 gold pieces and 5 large rocks.
Found a stone staircase leading down.
There is a stone staircase leading up here.
There are monsters nearby!
You climb upwards.
There is a stone staircase leading down here.
There is a stone staircase leading down here.
You climb downwards.
Found a potion of flight and 8 gold pieces.
There is a stone staircase leading up here.
A jelly and a worm come into view.
The worm bites you!
You hit the worm. You grab the worm.
The worm is lightly wounded.
You constrict the worm. The worm bites you!
The jelly quivers.
Unknown command.
You release your grip on the worm.
You see here a potion of flight.
d - 2 potions of flight (gained 1)
The jelly attacks as you move away! The jelly hits you.
You are splashed with acid!
* * * LOW HITPOINT WARNING * * *
It was a potion of invisibility.
You fade into invisibility!
The jelly hits you.
* * * LOW HITPOINT WARNING * * *
You are splashed with acid!
You die...

##### #...######
##.........
#......#
#.#########......#
#....<.@J........#
#..........w.....#
#................#
#..^.............#
##..............##
##......#..$..##
###.....######
#...... ......##


You could see a worm (unable to see you) and a jelly.

Vanquished Creatures
  Crazy Yiuf (D:3)
  Natasha (twice) (D:2)
  2 adders
  2 dart slugs (D:1)
  4 orcs (D:3)
  3 bats
  3 endoplasms
  3 giant cockroaches
  7 hobgoblins
  2 kobolds
  3 quokkas
  4 ball pythons
  2 frilled lizards
  5 goblins
  4 rats
47 creatures vanquished.

Vanquished Creatures (others)
  2 plants (D:2)
2 creatures vanquished.

Grand Total: 49 creatures vanquished

Notes
Turn   | Place    | Note
-------+----------+-------------------------------------------
     0 | D:1      | LobsterGuardian the Octopode Brigand began the quest for
                  | the Orb.
     0 | D:1      | Reached XP level 1. HP: 14/14 MP: 1/1
   119 | D:1      | Reached XP level 2. HP: 19/19 MP: 2/2
   121 | D:1      | You fall into a shaft and drop 1 floor!
   155 | D:1      | Reached skill level 6 in Stealth
   554 | D:1      | Reached XP level 3. HP: 24/24 MP: 3/3
   821 | D:2      | Noticed Natasha
   824 | D:2      | Killed Natasha
   825 | D:2      | Reached skill level 7 in Stealth
   864 | D:2      | Reached XP level 4. HP: 29/29 MP: 4/4
  1302 | D:2      | Noticed Natasha
  1312 | D:2      | Killed Natasha
  1370 | D:2      | Found Xyol's Distillery.
  2087 | D:3      | Reached XP level 5. HP: 34/34 MP: 5/5
  2123 | D:3      | Found Ikut's Magic Scroll Emporium.
  2128 | D:3      | Reached skill level 8 in Stealth
  2282 | D:3      | Found a runed translucent door.
  2283 | D:3      | Noticed Crazy Yiuf
  2290 | D:3      | Killed Crazy Yiuf
  2333 | D:4      | Noticed a black bear
  2333 | D:4      | Noticed a black bear
  2385 | D:4      | Splashed by a jelly's acid

Illustrated notes

Levels and vault maps discovered:
D:1:      dpeg_arrival_round_c, layout_basic
D:2:      layout_loops_corners, serial_shops, nicolae_shop_tiny_waterfront,
          serial_bayou_crossing, uniq_natasha
D:3:      layout_rooms, serial_shops, nicolae_shop_just_a_little_nook,
          uniq_crazy_yiuf_cottage
D:4:      layout_rooms, lexackson_kobold_supper

Skill      XL: |  1  2  3  4  5 |
---------------+----------------+-----
Stealth        | 6 7 8 |  8.3
Fighting       | |  2.2
Short Blades   | |  2.5
Throwing       | |  2.2
Dodging        | |  1.2

Action                     |  1- 3 |  4- 6 || total
---------------------------+-------+-------++-------
  Melee: Dagger            |    36 |    43 ||    79
         Constrict         |     7 |    11 ||    18
         Tentacles         |     3 |     7 ||    10
  Throw: Dart              |     4 |     3 ||     7
    Use: Scroll            |     5 |     3 ||     8
         Potion            |       |     2 ||     2
   Stab: Sleeping          |    12 |    10 ||    22
 Armour: Skin              |     4 |     4 ||     8
  Dodge: Dodged            |    14 |    10 ||    24

Table legend: (Time is in decaauts)
 A = Elapsed time spent in this place.
 B = Non-inter-level travel time spent in this place.
 C = Inter-level travel time spent in this place.
 D = Time resting spent in this place.
 E = Time spent auto-exploring this place.
 F = Levels seen in this place.
 G = Mean time per level.
                   A        B        C        D        E       F      G
               +--------+--------+--------+--------+--------+-----+--------+
         Total |   2375 |   2248 |    127 |      0 |   1904 |   4 |  593.8 |
       Dungeon |   2375 |   2248 |    127 |      0 |   1904 |   4 |  593.8 |
               +--------+--------+--------+--------+--------+-----+--------+

Top non-repeatable levels by time:
     D:2: 990 daAuts
     D:3: 689 daAuts
     D:1: 674 daAuts
     D:4: 20 daAuts
